 Dungeon Crawl Stone Soup version 0.30.0-13-g156ef70053 (webtiles) character file.

Game seed: 15418149500399515739

25 jasper the Conjurer (level 2, -2/15 HPs)
             Began as a Deep Elf Conjurer on May 17, 2023.
             Slain by Sigmund
             ... wielding a +2 scythe of protection
              (12 damage)
             ... on level 2 of the Dungeon.
             The game lasted 00:00:54 (1003 turns).

jasper the Conjurer (Deep Elf Conjurer)             Turns: 1003, Time: 00:00:54

Health: -2/15      AC:  2    Str:  4    XL:     2   Next: 86%
Magic:  2/8        EV: 12    Int: 22    God:
Gold:   46         SH:  0    Dex: 13    Spells: 4/7 levels left

rFire   . . .        f - +1 short sword
rCold   . . .        (no shield)
rNeg    . . .        a - +0 robe
rPois   .            (no helmet)
rElec   .            (no cloak)
rCorr   .            (no gloves)
SInv    .            (no boots)
Will    .....        (no amulet)
Stlth   ++           (no ring)
HPRegen 0.22/turn    (no ring)
MPRegen 0.11/turn

%: no passive effects
@: no status effects
A: no striking features
a: no special abilities


You were on level 2 of the Dungeon.
You visited 1 branch of the dungeon, and saw 2 of its levels.

You collected 46 gold pieces.

Inventory:

Hand Weapons
 c - a +0 dagger
 f - a +1 short sword (weapon)
Armour
 a - a +0 robe (worn)
Scrolls
 e - a scroll of identify
 g - a scroll of fog
Potions
 b - a potion of magic


   Skills:
 - Level 2.4 Dodging
 - Level 2.4 Stealth
 - Level 3.0 Spellcasting
 + Level 5.4 Conjurations


You had 4 spell levels left.
You knew the following spells:

 Your Spells              Type           Power      Damage    Failure   Level
a - Magic Dart            Conj           100%       1d8       1%          1
b - Searing Ray           Conj           54%        2d6       1%          2

Your spell library contained the following spells:

 Spells                   Type           Power      Damage    Failure   Level
 Dazzling Flash           Conj/Hex       30%        N/A       12%         3
 Fulminant Prism          Conj/Hex       7%         3d7       38%         4
 Iskenderun's Mystic Bla  Conj/Tloc      15%        2d5       38%         4


Dungeon Overview and Level Annotations

Branches:
Dungeon (2/15)

Altars:

Annotations:
D:2 Sigmund


Message History

The magic dart hits the adder!
The adder is severely wounded.
The adder hisses angrily.
You now have 7/8 mp.
The magic dart hits the adder.
You kill the adder!
You now have 6/8 mp.
You now have 46 gold pieces (gained 13).
Found an escape hatch in the ceiling.
MP restored: 8 Sigmund the Dreaded comes into view.
He is wielding a +2 scythe of protection.
The magic dart hits Sigmund.
Sigmund is lightly wounded.
Sigmund shouts!
You now have 7/8 mp.
You have nothing you can fire or use right now.
Unknown command.
Casting: Magic Dart (safe; 1% risk of failure)
Confirm with . or Enter, or press ? or * to list all spells.
Aiming: Searing Ray (safe; 1% risk of failure)
Press: ? - help, Shift-Dir - straight line, f/p - Sigmund
Aim: Sigmund, wielding a +2 scythe of protection and wearing a +0 robe (lightly wounded, 77% to hit)
The searing ray hits Sigmund but does no damage.
Sigmund is lightly wounded. (Press . to maintain the ray.)
You now have 5/8 mp.
The searing ray hits Sigmund but does no damage.
Sigmund is lightly wounded.
You now have 4/8 mp.
The searing ray hits Sigmund.
Sigmund is moderately wounded.
Sigmund casts a spell at you. The magic dart hits you.
You take 5 damage, and have 10/15 hp.
MASSIVE DAMAGE!!
You now have 3/8 mp.
The searing ray hits Sigmund.
Sigmund is heavily wounded.
You finish channelling your searing ray.
Sigmund hits you from afar with a +2 scythe of protection!
Ouch! That really hurt!
You die...

.. #.#########
#.........#
#..######.####
#.......<....#
###.########.##
#..........(.#
#.######.#.#######..#
#....@.@......# #..#
########......# (...#
##.......##.###
<...###..... .###.#
#### . .# # .# .#


You could see Sigmund.

Vanquished Creatures
  An adder (D:2)
  A bat (D:1)
  2 endoplasms (D:2)
  A goblin (D:1)
  2 hobgoblins (D:1)
  2 quokkas (D:1)
  2 ball pythons (D:1)
  3 kobolds (D:1)
  2 rats (D:1)
16 creatures vanquished.

Notes
Turn   | Place    | Note
-------+----------+-------------------------------------------
     0 | D:1      | jasper the Deep Elf Conjurer began the quest for the Orb.
     0 | D:1      | Reached XP level 1. HP: 10/10 MP: 6/6
   458 | D:1      | Reached XP level 2. HP: 15/15 MP: 6/8
   489 | D:1      | Learned a level 2 spell: Searing Ray
   501 | D:1      | Reached skill level 5 in Conjurations
   997 | D:2      | Noticed Sigmund
  1003 | D:2      | Slain by Sigmund

Illustrated notes

Levels and vault maps discovered:
D:1:      lemuel_arrival_room, layout_basic, st_stairs_12
D:2:      layout_basic, serial_shops, shop, serial_bayou_pond_b, uniq_sigmund

Skill      XL: |  1  2 |
---------------+-------+-----
Conjurations   | 5 |  5.4
Dodging        | |  2.4
Stealth        | |  2.4
Spellcasting   | |  3.0

Action                     || total
---------------------------++-------
   Cast: Magic Dart        ||    24
         Searing Ray       ||     1
    Use: Scroll            ||     3
  Dodge: Dodged            ||     1
